 Dungeon Crawl Stone Soup version 0.29.0-11-gd7f09526c8 (webtiles) character file.

Game seed: 11121766545551418809

560 sanka the Magician (level 7, 0/50 HPs)
             Began as a Djinni Artificer on Sept 4, 2022.
             Was a Follower of Makhleb.
             Slain by an orc
             ... wielding a +0 dagger
              (1 damage)
             ... on level 4 of the Dungeon.
             The game lasted 00:07:03 (6416 turns).

sanka the Magician (Djinni Artificer)               Turns: 6416, Time: 00:07:04

Health: 0/50       AC:  2    Str: 11    XL:     7   Next: 57%
Gold:   244        EV: 14    Int: 14    God:    Makhleb [*.....] SH:  0 Dex: 20

rFire   + + .      SeeInvis .   t - +0 scythe
rCold   x . .      Faith    .   (shield currently unavailable)
rNeg    . . .      Spirit   .   u - +0 robe
rPois   ∞          Reflect  .   (no helmet)
rElec   .          Harm     .   A - scarf {shadows}
rCorr   .          Rampage  .   (no gloves)
Will    .....                   (boots unavailable)
Stlth   ++........              (no amulet)
HPRegen 0.16/turn               (no ring)
MPRegen 0.00/turn               v - +6 ring of dexterity

@: flying
A: sickness immunity, fire resistance 2, cold vulnerability 1, float, innate
caster, HP casting, extra vitality 1
a: Renounce Religion


You were on level 4 of the Dungeon.
You worshipped Makhleb.
Makhleb was aware of your devotion.
You visited 1 branch of the dungeon, and saw 5 of its levels.

You collected 244 gold pieces.


Innate Abilities, Weirdness & Mutations

You are immune to sickness and miasma.
You are immune to poison.
Your flesh is very heat resistant. (rF++)
You are vulnerable to cold. (rC-)
You float through the air rather than walking.
You learn spells naturally, not from books.
Your magical power is your life essence.
You have superior vitality. (+4 MHP)


   Skills:
 + Level 3.0 Fighting
 - Level 1.0 Armour
 + Level 3.3 Dodging
 - Level 0.7 Stealth
 * Level 4.8 Spellcasting
 - Level 3.0 Evocations


You had 9 spell levels left.
You knew the following spells:

 Your Spells              Type           Power      Damage    Failure   Level
u - Dazzling Flash        Conj/Hex       32%        N/A       8%          3
y - Necrotise             Necr           64%        1d7       2%          1
z - Call Imp              Summ           16%        N/A       3%          2
Your spell library was empty.

Inventory:

Hand Weapons
 a - a +0 club
 i - a +0 spear
 t - a +0 scythe (weapon)
 F - a +0 long sword
Armour
 b - a +0 leather armour
 u - a +0 robe (worn)
 A - a scarf of shadows (worn)
Jewellery
 v - a +6 ring of dexterity (right hand)
Wands
 c - a wand of flame (10)
 d - a wand of charming (15)
 e - a wand of iceblast (4)
Scrolls
 f - a scroll of magic mapping {unknown}
 h - 3 scrolls of amnesia {unknown}
 l - 2 scrolls of blinking {unknown}
 m - 5 scrolls of teleportation {unknown}
 n - 2 scrolls of immolation {unknown}
 o - 2 scrolls of noise {unknown}
 p - 3 scrolls of identify {unknown}
 y - a scroll of enchant weapon {unknown}
 C - a scroll of fear {unknown}
 D - a scroll of torment {unknown}
Potions
 g - 3 potions of lignification {unknown}
 j - a potion of brilliance {unknown}
 k - a potion of heal wounds {unknown}
 q - a potion of might {unknown}
 r - a potion of curing {unknown}
 s - a potion of mutation {unknown}
 w - a potion of haste {@q3}
 x - 2 potions of invisibility {unknown}
 z - a potion of berserk rage {unknown}
 B - a potion of cancellation {unknown}
 E - 2 potions of degeneration {unknown}

Dungeon Overview and Level Annotations

Branches:
Dungeon (5/15)
 Temple: D:4-7

Altars:
Makhleb

▒.▒▒..▒▒.▒...▒..▒▒▒.......▒
▒▒.........)▒.[.▒.......▒▒▒▒
.......▒▒.▒)....▒▒......▒
▒▒..▒▒.▒▒.▒.....▒▒......▒
▒.)▒▒.▒.............▒▒▒▒
▒..▒▒.▒(.▒...).▒▒▒..▒
▒▒...)...............▒
...............[▒▒▒▒.▒
▒▒▒.▒▒.▒▒▒▒▒....Ro...▒
▒.▒▒.▒ ▒▒▒.▒▒▒▒▒▒▒ ▒.▒▒.▒
▒)▒ ▒.▒▒.▒ ▒Z▒
▒▒▒.▒▒.▒▒▒▒▒▒▒.▒
...............▒
▒▒▒▒▒▒▒▒▒▒▒▒▒▒▒▒


You could see an orc.


Message History

The shadow imp hits you but does no damage.
The shadow imp gestures at you. Pain shoots through your body!
* * * LOW HITPOINT WARNING * * *
You closely miss the orc.
The shadow imp picks up a beetle and eats it.
Your orc skeleton hits the orc.
Unknown command.
The shadow imp attacks as you move away!
The shadow imp barely misses you. The orc misses you.
The shadow imp gestures at you.
You struggle to resist.
The shadow imp hits your orc skeleton.
The orc hits your orc skeleton with a +0 whip.
The shadow imp hits your orc skeleton.
Your orc skeleton is destroyed!
There is a stone staircase leading up here.
The orc hits you with a +0 dagger.
* * * LOW HITPOINT WARNING * * *
You fly upwards.
There is a stone staircase leading down here.
Unknown command.
The orc writhes in agony.
* * * LOW HITPOINT WARNING * * *
The orc misses you.
The orc barely resists.
* * * LOW HITPOINT WARNING * * *
The orc hits you with a +0 dagger.
You die...

Action                   |  1- 3 |  4- 6 |  7- 9 || total
-------------------------+-------+-------+-------++-------
Melee: Club              |    29 |       |       ||    29
       Spear             |    75 |     7 |       ||    82
       Punch             |     2 |       |       ||     2
       Halberd           |       |    35 |    19 ||    54
 Cast: Necrotise         |       |    77 |    81 ||   158
       Call Imp          |       |     2 |     1 ||     3
       Dazzling Flash    |       |       |     1 ||     1
Evoke: Wand              |     6 |       |       ||     6
 Stab: Sleeping          |     2 |     3 |     1 ||     6
       Distracted        |       |       |     2 ||     2
Armor: Leather armour    |    23 |    12 |       ||    35
       Robe              |       |       |    12 ||    12
Dodge: Dodged            |    45 |    41 |    51 ||   137

Levels and vault maps discovered:
D:1:      minmay_arrival_four_loops, layout_basic
D:2:      layout_loops_ring, ebering_ecumenical_altar_mist,
          kennysheep_generic_room_11, uniq_sigmund
D:3:      layout_loops_corners, makhleb_altar_promises_db,
          chequers_serial_rivers_large_b, minivault_14, minmay_pentangle,
          uniq_terence, uniq_jessica
D:4:      layout_loops_ring
D:5:      layout_loops_corners, mainiacjoe_overflow_surrounded_room,
          serial_shops, shop, uniq_duvessa, uniq_prince_ribbit1,
          uniq_crazy_yiuf_cottage

Notes
Turn   | Place    | Note
-------+----------+-------------------------------------------
     0 | D:1      | sanka the Djinni Artificer began the quest for the Orb.
     0 | D:1      | Reached XP level 1. HP: 17/17 MP: 0/0
   368 | D:1      | Reached XP level 2. HP: 10/23 MP: 0/0
   664 | D:1      | Reached skill level 2 in Fighting
  1029 | D:1      | Reached XP level 3. HP: 28/28 MP: 0/0
  1029 | D:1      | Learned a level 1 spell: Necrotise
  1363 | D:1      | You are sucked into a shaft and drop 1 floor!
  1421 | D:2      | Reached skill level 1 in Spellcasting
  1596 | D:2      | Noticed Sigmund
  1620 | D:2      | Killed Sigmund
  1621 | D:2      | Reached skill level 3 in Spellcasting
  1621 | D:2      | Reached XP level 4. HP: 11/33 MP: 0/0
  1621 | D:2      | Reached XP level 5. HP: 13/38 MP: 0/0
  1621 | D:2      | Learned a level 2 spell: Call Imp
  1621 | D:2      | Reached XP level 6. HP: 15/43 MP: 0/0
  2336 | D:2      | Found a faded altar of an unknown god.
  3587 | D:3      | Found a burning altar of Makhleb.
  3589 | D:3      | Noticed a balrug
  3607 | D:3      | Noticed Terence
  3622 | D:3      | Killed Terence
  3623 | D:3      | Reached skill level 4 in Spellcasting
  4364 | D:3      | Noticed Jessica
  4371 | D:3      | Killed Jessica
  4625 | D:3      | Noticed a hellwing
  4625 | D:3      | Noticed an orange demon
  4627 | D:3      | Became a worshipper of Makhleb the Destroyer
  4924 | D:4      | Reached skill level 3 in Dodging
  4924 | D:4      | Reached XP level 7. HP: 28/49 MP: 0/0
  4924 | D:4      | Learned a level 3 spell: Dazzling Flash
  6171 | D:5      | Entered Level 5 of the Dungeon
  6307 | D:5      | Reached * piety under Makhleb
  6308 | D:5      | Reached skill level 3 in Fighting
  6408 | D:5      | HP: 3/50 [shadow imp/nerve-wracking pain (14)]
  6413 | D:5      | HP: 3/50 [orc/+0 dagger (1)]
  6416 | D:4      | Slain by an orc

Vanquished Creatures
  Sigmund (D:2)
  A kobold brigand (D:4)
  An orc priest (D:4)
  Jessica (D:3)
  Terence (D:3)
  2 orc wizards
  8 adders
  2 worms
  3 dart slugs
  19 orcs
  7 endoplasms
  3 giant cockroaches
  6 goblins
  7 hobgoblins
  2 jackals (D:1)
  7 kobolds
  5 ball pythons
  2 bats
  2 frilled lizards
  7 rats
87 creatures vanquished.

Vanquished Creatures (collateral kills)
  An adder (D:3)
  A shadow imp (D:4)
  An orc (D:3)
  A bat (D:3)
4 creatures vanquished.

Grand Total: 91 creatures vanquished
